 Dungeon Sprint DCSS version 0.31-a0-4-gefa6de2278 (webtiles) character file.

Game seed: 3100750675778148496

77341 sircluck the Axe Maniac (level 15, -27/261 HPs)
             Began as a Hill Orc Berserker on May 2, 2023.
             Was the Champion of Trog.
             Killed by vampiric draining
             ... invoked by Jory
              (38 damage)
             ... in the Dungeon (Sprint IX: "|||||||||||||||||||||||||||||") on May 4, 2023.
             The game lasted 00:14:23 (8169 turns).

sircluck the Axe Maniac (Hill Orc Berserker)        Turns: 8169, Time: 00:14:24

Health: -27/261    AC: 33    Str: 28    XL:     15   Next: 56%
Magic:  15/15      EV: 15    Int:  7    God:    Trog [******]
Gold:   1305       SH:  0    Dex: 13    Spells: 14/14 levels left

rFire   . . .        t - +8 battleaxe "Asafotwy" {flame, rElec}
rCold   . . .        (shield currently unavailable)
rNeg    . . .        F - +2 plate armour
rPois   .            v - +1 helmet
rElec   +            D - +1 cloak
rCorr   .            (no gloves)
SInv    .            E - +1 pair of boots
Will    +....        (no amulet) Stlth
                     p - +3 ring of dexterity
HPRegen 0.63/turn    (no ring)
MPRegen 0.14/turn

%: no teleportation
@: berserking, very quick
A: no striking features
a: Renounce Religion, Berserk, Trog's Hand, Brothers in Arms


You were in the Dungeon.
You worshipped Trog.
Trog was exalted by your worship.
You visited 1 branch You collected 1920 gold pieces.
You spent 615 gold pieces at shops.

Inventory:

Hand Weapons
 a - a +0 hand axe
 r - a +5 heavy executioner's axe
 t - the +8 battleaxe "Asafotwy" (weapon) {flame, rElec}
   (Trog gifted it to you in the Dungeon)

   rElec:     It insulates you from electricity.
 y - the +5 broad axe of Callousness {flame, rPois Will+}
   (Trog gifted it to you in the Dungeon)

   rPois:     It protects you from poison.
   Will:      It increases your willpower.
Missiles
 J - 2 throwing nets (quivered)
Armour
 k - a +0 plate armour
 m - a +0 pair of boots
 n - a +1 chain mail
 s - a +0 cloak
 u - a +0 leather armour
 v - a +1 helmet (worn)
 D - a +1 cloak (worn)
 E - a +1 pair of boots (worn)
 F - a +2 plate armour (worn)
Jewellery
 o - a +3 ring of intelligence
 p - a +3 ring of dexterity (left hand)
 z - a ring of protection from fire
 A - a ring of willpower
 B - a ring of protection from cold
 C - a ring of fire
Wands
 j - a wand of roots (10)
 L - a wand of light (4)
Scrolls
 h - a scroll of blinking
 q - 3 scrolls of fog
 G - 2 scrolls of enchant armour
 H - a scroll of identify
 I - 2 scrolls of enchant weapon
Potions
 b - 3 potions of might
 c - 5 potions of curing
 d - a potion of heal wounds
 e - 2 potions of haste
 f - 4 potions of magic
 g - a potion of berserk rage
 i - a potion of invisibility
 x - 3 potions of attraction {unknown}
 K - a potion of ambrosia {unknown}
Miscellaneous
 w - a phantom mirror


   Skills:
 O Level 27 Fighting
 O Level 27 Axes
 O Level 27 Armour
 + Level 15.8 Dodging
 + Level 6.6 Stealth


You had 14 spell levels left.
You didn't know any spells.
Your spell library was empty.

Dungeon Overview and Level Annotations

Branches:
Dungeon (1/1)

Altars:
Cheibriados
Dithmenos
Elyvilon
Fedhas
Gozag
Hepliaklqana
Kikubaaqudgha
Makhleb
Nemelex Xobeh
Okawaru
Qazlal
Ru
Sif Muna
Trog
Uskayaw
Vehumet
Wu Jian
Xom
Yredelemnul
Zin
The Shining One
Beogh
Jiyva
Lugonu

Shops:
D ([*(

Annotations:
D Jory


Message History

You slash Margery!
Margery is severely wounded.
Margery casts a spell at you.
The bolt of fire hits you but does no damage.
You open Margery like a pillowcase!!! You burn Margery.
Margery is almost dead.
You barely miss Margery.
Margery is almost dead.
Margery hits you but does no damage.
You feel drained.
You slice Margery!!
You feel the power of Trog in you as your rage grows.
You kill Margery!
Trog accepts your kill.
Trog appreciates your killing of a magic user.
Your life force feels restored.
Jory gestures wildly while chanting.
Things that are here:
a +1 demon blade of draining; +0 fire dragon scales; the human corpse of Margery You carve Jory like a ham!!!
You burn Jory.
Jory is moderately damaged.
You open Jory like a pillowcase!!! You burn Jory!
Jory is heavily damaged.
Jory hits you with a +2 great sword of electrocution!!
* * * LOW HITPOINT WARNING * * *
Jory bites you.
* * * LOW HITPOINT WARNING * * *
Jory draws strength from your injuries!
You barely miss Jory.
Jory is heavily damaged.
You hit Jory. You burn Jory.
Jory is heavily damaged.
Jory draws life force from you!
* * * LOW HITPOINT WARNING * * *
Jory is healed by the life force!
You chop Jory into pieces!!! You burn Jory.
Jory is severely damaged.
You slice Jory!! You burn Jory.
Jory is almost destroyed.
Jory draws life force from you!!!
You die...

▓)▓.▓.▓.▓.▓.▓.▓.
▓.▓)▓.▓.▓.▓.▓.▓∩▓.
▓.▓.▓.▓.▓.▓.▓.▓.▓.
▓.▓.▓[▓.▓.▓.▓.▓∩▓.
▓.▓.▓.▓.▓.▓.▓.▓[▓.
▓.▓.▓.▓.▓.▓.▓.▓.▓.
▓p▓.▓)▓'▓.▓.▓.▓.▓.
▓V▓.▓.▓.▓.▓.▓.▓.▓.
▓@▓)▓.▓[▓.▓.▓.▓.▓.
▓)▓'▓.▓.▓.▓'▓.▓'▓.
▓.▓.▓.▓)▓.▓.▓.▓.▓.
▓.▓.▓.▓.▓.▓.▓.▓.▓.
▓.▓.▓.▓.▓.▓.▓.▓.▓.
▓.▓.▓.▓.▓.▓.▓.▓.▓.
▓.▓.▓.▓.▓[▓.▓.▓.▓.
▓.▓.▓.▓.▓.▓.▓.▓.▓.
▓.▓.▓.▓.▓.▓.▓.▓.▓.


You could see Jory and a hell knight (fast).

Vanquished Creatures
  Margery (D)
  Rupert (D)
  2 sphinxes (D)
  A thorn hunter (D)
  Gastronok (D)
  Donald (D)
  Agnes (D)
  A fire giant (D)
  3 vault wardens (D)
  A deep elf sorcerer (D)
  A very ugly thing (D)
  2 ironbound preservers (D)
  A stone giant (D)
  Azrael (D)
  2 ironbound thunderhulks (D)
  2 eleionomae (D)
  A bunyip (D)
  Snorg (D)
  An ettin (D)
  3 fire dragons (D)
  Josephine (D)
  A great orb of eyes (D)
  Harold (D)
  A peacekeeper (D)
  5 centaur warriors (D)
  3 hydras (D)
  5 ironbound frosthearts (D)
  A merfolk aquamancer (D)
  A deep troll shaman (D)
  6 orc high priests (D)
  A spriggan berserker (D)
  2 hell knights (D)
  3 tengu warriors (D)
  A vampire mage (D)
  A shock serpent (D)
  A goliath frog (D)
  A sea snake (D)
  A naga ritualist (D)
  An orb spider (D)
  A glowing orange brain (D)
  A bog body (D)
  A swamp dragon (D)
  A wizard (D)
  3 orc knights (D)
  A deep elf pyromancer (D)
  A lindwurm (D)
  An ironbound convoker (D)
  A necromancer (D)
  A wolf spider (D)
  4 manticores (D)
  A mana viper (D)
  2 cyclopes (D)
  5 black mambas (D)
  A guardian serpent (D)
  2 demonic crawlers (D)
  6 cane toads (D)
  A yaktaur (D)
  3 komodo dragons (D)
  A merfolk (D)
  A guardian mummy (D)
  A polar bear (D)
  A wind drake (D)
  A tyrant leech (D)
  3 blink frogs (D)
  2 culicivoras (D)
  4 wraiths (D)
  A spriggan (shapeshifter) (D)
  3 water elementals (D)
  2 basilisks (D)
  3 fire elementals (D)
  6 yaks (D)
  Grum (D)
  3 redbacks (D)
  A naga (D)
  2 water moccasins (D)
  3 hell hounds (D)
  11 orc warriors (D)
  2 wolves (D)
  A kobold brigand (D)
  5 bullfrogs (D)
  2 hounds (D)
  An iron imp (D)
  9 orc priests (D)
  A sleepcap (D)
  An iguana (D)
  4 orc wizards (D)
  A shadow imp (D)
  4 orcs (D)
  An endoplasm (D)
  A goblin (D)
  A hobgoblin (D)
  A kobold (D)
  A frilled lizard (D)
188 creatures vanquished.

Vanquished Creatures (collateral kills)
  A sphinx (D)
  A fire giant (D)
  A frost giant (D)
  A spriggan defender (D)
  An ironbound thunderhulk (D)
  A spark wasp (D)
  An ettin (D)
  A fire dragon (D)
  An ice dragon (D)
  A deep troll shaman (D)
  3 orc high priests (D)
  A spriggan berserker (D)
  2 hell knights (D)
16 creatures vanquished.

Grand Total: 204 creatures vanquished

Notes
Turn   | Place    | Note
-------+----------+-------------------------------------------
     0 | D        | sircluck the Hill Orc Berserker began the quest for the
                  | Orb.
     0 | D        | Reached XP level 1. HP: 19/19 MP: 1/1
    14 | D        | Reached ** piety under Trog
    28 | D        | Reached skill level 5 in Axes
    45 | D        | Noticed a hound
    45 | D        | Noticed an iguana
    45 | D        | Noticed a hound
    45 | D        | Noticed a sleepcap
    55 | D        | Killed a hound
    56 | D        | Reached skill level 5 in Fighting
    56 | D        | Reached XP level 2. HP: 18/30 MP: 2/2
    56 | D        | Reached XP level 3. HP: 22/37 MP: 3/3
    59 | D        | Reached *** piety under Trog
    60 | D        | Reached XP level 4. HP: 15/45 MP: 4/4
    69 | D        | Reached XP level 5. HP: 13/53 MP: 5/5
   222 | D        | Found a roughly hewn altar of Beogh.
   222 | D        | Found a snail-covered altar of Cheibriados.
   222 | D        | Found a shadowy altar of Dithmenos.
   222 | D        | Found a white marble altar of Elyvilon.
   222 | D        | Found a blossoming altar of Fedhas.
   222 | D        | Found an opulent altar of Gozag.
   223 | D        | Found a hazy altar of Hepliaklqana.
   224 | D        | Found a viscous altar of Jiyva.
   225 | D        | Found an ancient bone altar of Kikubaaqudgha.
   226 | D        | Found a corrupted altar of Lugonu.
   227 | D        | Found a burning altar of Makhleb.
   228 | D        | Found a sparkling altar of Nemelex Xobeh.
   229 | D        | Found an iron altar of Okawaru.
   230 | D        | Found a stormy altar of Qazlal.
   231 | D        | Found a sacrificial altar of Ru.
   232 | D        | Found a shimmering blue altar of Sif Muna.
   233 | D        | Found a bloodstained altar of Trog.
   234 | D        | Found a hide-covered altar of Uskayaw.
   235 | D        | Found a radiant altar of Vehumet.
   236 | D        | Found an ornate altar of the Wu Jian Council.
   237 | D        | Found a shimmering altar of Xom.
   238 | D        | Found a basalt altar of Yredelemnul.
   239 | D        | Found a glowing silver altar of Zin.
   240 | D        | Found a glowing golden altar of the Shining One.
   248 | D        | Found the +4 consecrated labrys {holy, Valiant Fragile Fly
                  | SInv}
   289 | D        | Noticed a kobold brigand
   289 | D        | Noticed a yak
   289 | D        | Noticed a yak
   289 | D        | Noticed a wraith
   289 | D        | Noticed a yak
   296 | D        | Killed a kobold brigand
   296 | D        | Reached **** piety under Trog
   297 | D        | Reached skill level 10 in Axes
   299 | D        | Killed a yak
   300 | D        | Reached skill level 5 in Armour
   300 | D        | Reached skill level 1 in Stealth
   300 | D        | Reached XP level 6. HP: 52/66 MP: 6/6
   305 | D        | Killed a yak
   306 | D        | Reached skill level 10 in Fighting
   306 | D        | Reached XP level 7. HP: 56/73 MP: 7/7
   308 | D        | Killed a wraith
   311 | D        | Killed a yak
   311 | D        | Reached ***** piety under Trog
   312 | D        | Reached skill level 15 in Axes
   318 | D        | Noticed a cyclops
   318 | D        | Noticed a cyclops
   318 | D        | Noticed a centaur warrior
   318 | D        | Noticed a centaur warrior
   318 | D        | Noticed a centaur warrior
   318 | D        | Noticed a yaktaur
   322 | D        | Killed a cyclops
   323 | D        | Reached skill level 5 in Dodging
   323 | D        | Reached XP level 8. HP: 49/83 MP: 8/8
   326 | D        | Killed a cyclops
   327 | D        | a yaktaur changed into a polar bear
   327 | D        | Noticed a polar bear (shapeshifter)
   330 | D        | Killed a centaur warrior
   331 | D        | Reached XP level 9. HP: 49/93 MP: 9/9
   332 | D        | a polar bear changed into a spriggan
   334 | D        | Killed a centaur warrior
   337 | D        | Killed a centaur warrior
   337 | D        | Received a gift from Trog
   338 | D        | Reached XP level 10. HP: 26/104 MP: 10/10
   644 | D        | Noticed a cane toad
   648 | D        | Noticed a cane toad
   651 | D        | Reached skill level 15 in Fighting
   658 | D        | Killed a cane toad
   660 | D        | Received a gift from Trog
   665 | D        | Killed a cane toad
   752 | D        | Noticed a black mamba
   752 | D        | Noticed a cane toad
   756 | D        | Noticed a cane toad
   758 | D        | Killed a black mamba
   758 | D        | Reached ****** piety under Trog
   759 | D        | Received a gift from Trog
   766 | D        | Killed a cane toad
   770 | D        | Reached XP level 11. HP: 106/115 MP: 11/11
   779 | D        | Reached skill level 10 in Armour
   840 | D        | Received a gift from Trog
  1159 | D        | Noticed an orc knight
  1175 | D        | Killed an orc knight
  1185 | D        | Identified the +8 battleaxe "Asafotwy" {flame, rElec} (Trog
                  | gifted it to you in the Dungeon)
  1185 | D        | Received a gift from Trog
  1197 | D        | Received a gift from Trog
  1269 | D        | Noticed an orc knight
  1278 | D        | Killed an orc knight
  1283 | D        | Received a gift from Trog
  1749 | D        | Found Ketiw's Antique Weapon Emporium.
  1749 | D        | Noticed an orc high priest
  1749 | D        | Noticed an orc high priest
  1749 | D        | Noticed an orc high priest
  1749 | D        | Noticed an orc high priest
  1749 | D        | Noticed an orc high priest
  1750 | D        | Noticed an orc high priest
  1754 | D        | Killed an orc high priest
  1757 | D        | Killed an orc high priest
  1760 | D        | Killed an orc high priest
  1760 | D        | Received a gift from Trog
  1761 | D        | Noticed a sun demon
  1765 | D        | Found Faiggeti's Armour Shoppe.
  1766 | D        | Noticed an orc high priest
  1775 | D        | Killed an orc high priest
  1776 | D        | Found Moatoemp's General Store.
  1779 | D        | Killed an orc high priest
  1780 | D        | Reached XP level 12. HP: 107/130 MP: 12/12
  1783 | D        | Noticed an orc high priest
  1784 | D        | Noticed a soul eater
  1784 | D        | Killed an orc high priest
  1785 | D        | Found Obrov's Antique Weapon Shoppe.
  1787 | D        | Killed an orc high priest
  1790 | D        | Noticed a soul eater
  1796 | D        | Killed an orc high priest
  1796 | D        | Received a gift from Trog
  2049 | D        | Bought a +0 leather armour for 20 gold pieces
  2049 | D        | Bought a +1 helmet for 115 gold pieces
  2054 | D        | Noticed an orc high priest
  2061 | D        | Killed an orc high priest
  2140 | D        | Bought a phantom mirror for 480 gold pieces
  2183 | D        | Noticed Grum
  2189 | D        | Killed Grum
  2228 | D        | Noticed Gastronok
  2236 | D        | Killed Gastronok
  2236 | D        | Identified the +5 broad axe of Callousness {flame, rPois
                  | Will+} (Trog gifted it to you in the Dungeon)
  2236 | D        | Received a gift from Trog
  2286 | D        | Found the +2 cloak of the Thief {*Fog Slay-2 SInv Stlth+}
  2348 | D        | Noticed a seven-headed hydra
  2348 | D        | Noticed a centaur warrior
  2348 | D        | Noticed a tengu warrior
  2368 | D        | Noticed an ettin
  2369 | D        | Killed a four-headed hydra
  2373 | D        | Killed a centaur warrior
  2373 | D        | Noticed a fire dragon
  2374 | D        | Reached skill level 15 in Armour
  2376 | D        | Noticed a fire giant
  2379 | D        | Killed a tengu warrior
  2380 | D        | Noticed a tengu warrior
  2384 | D        | Noticed a fire dragon
  2385 | D        | Reached skill level 5 in Stealth
  2386 | D        | Killed an ettin
  2391 | D        | Noticed a tengu warrior
  2395 | D        | Noticed a deep troll shaman
  2399 | D        | Killed a fire dragon
  2401 | D        | Killed a fire giant
  2401 | D        | Received a gift from Trog
  2402 | D        | Reached XP level 13. HP: 75/145 MP: 13/13
  2406 | D        | Killed a fire dragon
  2407 | D        | Reached skill level 27 in Axes
  2728 | D        | Noticed Agnes
  2745 | D        | Killed Agnes
  2746 | D        | Received a gift from Trog
  2752 | D        | Noticed Josephine
  2804 | D        | Killed Josephine
  2910 | D        | Noticed Harold
  2918 | D        | Killed Harold
  2918 | D        | Received a gift from Trog
  3101 | D        | Noticed a thorn hunter
  3101 | D        | Noticed a bunyip
  3101 | D        | Noticed an eleionoma
  3116 | D        | Noticed an eleionoma
  3117 | D        | Killed a thorn hunter
  3122 | D        | Killed a bunyip
  3124 | D        | Killed an eleionoma
  3125 | D        | Received a gift from Trog
  3134 | D        | Killed an eleionoma
  3417 | D        | Upgraded the game from 0.31-a0-1-g4198be8af4 to
                  | 0.31-a0-4-gefa6de2278
  3426 | D        | Received a gift from Trog
  3444 | D        | Received a gift from Trog
  3491 | D        | Reached XP level 14. HP: 60/165 MP: 14/14
  3818 | D        | Received a gift from Trog
  3834 | D        | Received a gift from Trog
  3922 | D        | Noticed Rupert
  3940 | D        | Killed Rupert
  3941 | D        | Reached skill level 27 in Fighting
  4079 | D        | Noticed Donald
  4080 | D        | Noticed Snorg
  4090 | D        | Killed Donald
  4096 | D        | Killed Snorg
  4327 | D        | Noticed Azrael
  4332 | D        | Identified the +5 battleaxe of the Apocalypse {flame,
                  | Dex+3} (Trog gifted it to you in the Dungeon)
  4332 | D        | Received a gift from Trog
  4342 | D        | Killed Azrael
  4535 | D        | Noticed a spriggan defender
  4535 | D        | Noticed a stone giant
  4535 | D        | Noticed a sphinx
  4546 | D        | Killed a spriggan defender
  4549 | D        | Noticed a green very ugly thing
  4558 | D        | Killed a stone giant
  4558 | D        | Received a gift from Trog
  4561 | D        | Killed a sphinx
  4563 | D        | Killed a green very ugly thing
  4570 | D        | Noticed a sphinx
  4578 | D        | Received a gift from Trog
  4584 | D        | Killed a sphinx
  4584 | D        | Noticed a frost giant
  4585 | D        | Noticed a fire giant
  4587 | D        | Killed a frost giant
  4589 | D        | Killed a fire giant
  4589 | D        | Received a gift from Trog
  4854 | D        | Noticed an ironbound thunderhulk
  4854 | D        | Noticed a vault warden
  4861 | D        | Noticed an ironbound preserver
  4984 | D        | Killed an ironbound thunderhulk
  5568 | D        | Reached XP level 15. HP: 93/174 MP: 15/15
  5835 | D        | Received a gift from Trog
  5868 | D        | Reached skill level 27 in Armour
  5895 | D        | Received a gift from Trog
  5900 | D        | Noticed a sphinx
  5900 | D        | Noticed a deep elf sorcerer
  5904 | D        | Killed a deep elf sorcerer
  5905 | D        | Reached skill level 10 in Dodging
  5914 | D        | Killed a sphinx
  5914 | D        | Received a gift from Trog
  6229 | D        | Killed a vault warden
  6439 | D        | Received a gift from Trog
  6448 | D        | Noticed a vault warden
  6451 | D        | Noticed a vault warden
  6455 | D        | Killed a vault warden
  6482 | D        | Killed a vault warden
  6484 | D        | Received a gift from Trog
  6775 | D        | Noticed Margery
  8135 | D        | Noticed Jory
  8142 | D        | Reached skill level 15 in Dodging
  8162 | D        | Killed Margery
  8167 | D        | HP: 11/261 [Jory/vampiric draining (16)]
  8169 | D        | Killed from afar by Jory

Illustrated notes

Levels and vault maps discovered:
D:        linesprint [early_d, line_temple, items_1, d_10, items_2, lair_1,
          lair_end, items_3, orc_1, orc_end, items_4, d_15, swamp_1, shoals_1,
          snake_1, spider_1, d_20, vaults_1, items_5, swamp_end, shoals_end,
          snake_end, spider_end, vaults_end, d_27, items_6, zot_1, zot_end,
          crypt_end, forest_end, elf_end, slime_end, tomb_end, abyss_end,
          pan_hell_end]

Skill      XL: |  1  2  3  4  5  6  7  8  9 10 11 12 13 14 15 |
---------------+----------------------------------------------+-----
Fighting       | 5 6 7 9 10 12 13 14 16 19 21 26 27 | 27.0
Axes           | 6 7 9 12 13 16 18 20 23 25 26 27 | 27.0
Armour         | 3 4 5 6 7 8 9 13 15 19 26 27 | 27.0
Dodging        | 2 3 4 5 6 7 8 15 | 15.8
Stealth        | 1 2 3 5 6 |  6.6

Action                     |  1- 3 |  4- 6 |  7- 9 | 10-12 | 13-15 || total
---------------------------+-------+-------+-------+-------+-------++-------
  Melee: Hand axe          |    36 |     8 |       |       |       ||    44
         Punch             |     1 |       |     1 |       |       ||     2
         Labrys            |       |    15 |    21 |   106 |       ||   142
         Battleaxe         |       |       |       |   119 |   340 ||   459
         Executioner's axe |       |       |       |     3 |    13 ||    16
 Invoke: Berserk           |     1 |       |       |     1 |     3 ||     5
         Brothers in Arms  |       |       |       |     1 |     5 ||     6
         Trog's Hand       |       |       |       |       |     1 ||     1
    Use: Potion            |       |       |       |     1 |     8 ||     9
         Scroll            |       |       |       |       |     5 ||     5
   Stab: Paralysed         |       |       |       |     2 |       ||     2
 Armour: Animal skin       |     4 |       |       |       |       ||     4
         Chain mail        |       |     7 |    10 |    20 |       ||    37
         Plate armour      |       |       |       |    57 |   151 ||   208
  Dodge: Dodged            |    19 |     8 |    10 |    60 |   139 ||   236

Table legend: (Time is in decaauts)
 A = Elapsed time spent in this place.
 B = Non-inter-level travel time spent in this place.
 C = Inter-level travel time spent in this place.
 D = Time resting spent in this place.
 E = Time spent auto-exploring this place.
 F = Levels seen in this place.
 G = Mean time per level.
                   A        B        C        D        E       F      G
               +--------+--------+--------+--------+--------+-----+--------+
         Total |   8030 |   6769 |   1261 |   2214 |   2872 |   1 | 8030.0 |
       Dungeon |   8030 |   6769 |   1261 |   2214 |   2872 |   1 | 8030.0 |
               +--------+--------+--------+--------+--------+-----+--------+

Top non-repeatable levels by time:
       D: 8030 daAuts
